Map: 세룰리안 폴 - 래더

Players

FanTaSy - Winner!

  • Race: Terran Terran
  • League: Grandmaster
  • Spawn Location: 1:00

soO

  • Race: Zerg Zerg
  • Spawn Location: 7:00

Event: IEM Season 13 - Katowice Server Qualifiers Asia 2

VOD

Have the link to the VOD?

Description

Time

  • Played on: Jan. 22, 2019, 5:28 a.m.
  • Length: 21:36

All games in this series

Show
View Real Time Build Order
Export as new Build Order

FanTaSy Terran - Winner!

Build Orders: Command Center First (CC), Mech 

Get SALT Encoding   

  12  0:00  SCV  
  13  0:12  SCV  
  14  0:17  Supply Depot  
  14  0:24  SCV  
  15  0:39  SCV  
  16  0:51  SCV  
  17  0:59  Command Center  
  17  1:03  SCV  
  18  1:13  Barracks  
  18  1:16  SCV  
  19  1:21  Refinery  
  19  1:28  SCV  
  19  1:30  Refinery  
  20  1:40  SCV  
  21  1:52  SCV  
  22  2:00  Reaper  
  23  2:04  Orbital Command  
  23  2:11  Orbital Command  
  23  2:18  Factory  
  23  2:29  SCV  
  24  2:33  Barracks Reactor  
  24  2:37  SCV  
  25  2:41  SCV  
  26  2:49  SCV  
  27  2:53  SCV  
  27  2:54  Command Center  
  28  3:01  SCV  
  28  3:03  Supply Depot  
  29  3:06  SCV  
  30  3:13  SCV  
  30  3:17  Hellion  
  30  3:18  SCV  
  32  3:25  SCV  
  31  3:30  Marine, SCV  
  33  3:37  SCV  
  33  3:40  Hellion x2  
  38  3:42  SCV  
  39  3:48  Factory  
  39  3:49  SCV  
  39  3:54  SCV  
  39  3:55  Factory  
  41  4:01  SCV  
  42  4:04  Hellion x2  
  42  4:06  SCV, Orbital Command  
  47  4:13  SCV  
  48  4:18  Refinery, SCV  
  48  4:20  Refinery  
  48  4:22  Supply Depot  
  49  4:25  SCV, Hellion x2  
  49  4:30  SCV  
  55  4:32  SCV  
  55  4:34  Factory Tech Lab  
  55  4:38  Factory Tech Lab, SCV  
  57  4:42  SCV  
  57  4:43  Armory  
  57  4:45  Armory  
  58  4:52  Orbital Command  
  59  4:58  Supply Depot, Siege Tank  
  59  5:00  Supply Depot, Siege Tank  
  62  5:07  Hellion x2, Mag-Field Accelerator  
  62  5:10  SCV  
  62  5:12  SCV  
  68  5:23  SCV x2  
  70  5:30  Hellion x2, Siege Tank  
  70  5:32  Siege Tank  
  70  5:34  SCV  
  79  5:35  SCV x2  
  74  5:47  SCV x2  
  74  5:48  SCV  
  73  5:50  Terran Vehicle Weapons Level 1, Terran Vehicle And Ship Armor Level 1  
  71  5:59  Hellion x2  
  71  6:01  Orbital Command  
  75  6:09  SCV  
  75  6:10  SCV  
  77  6:20  Supply Depot  
  77  6:22  Supply Depot  
  77  6:25  Supply Depot  
  77  6:31  Engineering Bay  
  77  6:39  Infernal Pre-Igniter  
  77  6:41  SCV x3, Hellion, Cyclone  
  77  6:43  Cyclone  
  77  6:44  Hellion  
  77  6:45  Factory  
  90  6:48  Supply Depot  
  90  6:49  Supply Depot  
  90  6:52  Factory  
  90  6:54  SCV x2  
  86  7:06  SCV x3  
  86  7:08  Refinery  
  86  7:09  Hellion x2  
  86  7:11  Refinery  
  86  7:13  Supply Depot, Cyclone  
  86  7:14  Supply Depot  
  86  7:15  Missile Turret, Cyclone  
  93  7:17  Missile Turret  
  93  7:21  SCV x3  
  99  7:25  Missile Turret  
  99  7:32  Factory Reactor  
  99  7:39  Factory Tech Lab  
  99  7:41  Hellion x2  
  103  7:44  SCV  
  103  7:45  SCV x2, Cyclone  
  103  7:48  Cyclone  
  103  7:50  Supply Depot  
  112  7:52  Supply Depot  
  110  8:02  Cyclone  
  110  8:04  Hellion x2  
  111  8:15  Terran Vehicle Weapons Level 2, Hellion x2  
  111  8:16  Terran Vehicle And Ship Armor Level 2  
  111  8:17  Cyclone  
  111  8:18  SCV  
  111  8:19  SCV x2  
  121  8:20  Cyclone  
  124  8:27  Hellion x2  
  126  8:45  Command Center  
  123  8:48  Cyclone  
  123  8:50  Cyclone  
  123  8:52  Cyclone  
  129  8:56  Hellion x4  
  134  9:10  Supply Depot  
  134  9:11  Supply Depot x2  
  134  9:17  Hellion  
  134  9:18  Factory  
  134  9:19  Factory  
  134  9:20  Factory  
  127  9:27  Cyclone x3  
  136  9:33  Hellion  
  136  9:34  Hellion x2  
  136  9:36  SCV x2  
  136  9:37  SCV  
  142  10:06  Cyclone x3  
  142  10:07  Hellion x3  
  138  10:10  Factory Tech Lab, Factory Reactor  
  138  10:11  Planetary Fortress, SCV x3  
  138  10:13  Refinery  
  141  10:14  Refinery  
  138  10:26  SCV x3  
  138  10:30  Cyclone  
  141  10:36  Factory Reactor, Hellion x4  
  141  10:38  Cyclone x2  
  141  10:39  Factory Tech Lab  
  151  10:47  Terran Vehicle Weapons Level 3, Terran Vehicle And Ship Armor Level 3  
  151  10:48  Command Center  
  151  10:52  Hellion x2, Cyclone  
  151  10:55  SCV  
  151  10:56  SCV x3  
  156  11:06  Cyclone  
  156  11:07  Cyclone  
  156  11:08  Hellion x4  
  156  11:10  Cyclone  
  156  11:11  Hellion  
  173  11:24  Cyclone  
  176  11:32  Cyclone  
  145  11:41  Hellion x3  
  145  11:42  Hellion x2  
  145  11:46  Command Center  
  146  12:01  Cyclone x4  
  146  12:02  Hellion  
  146  12:03  Hellion x4  
  146  12:04  Cyclone  
  164  12:21  Command Center  
  164  12:22  Hellion  
  157  12:24  Hellion  
  159  12:36  Cyclone x3  
  159  12:37  Cyclone x2  
  160  12:38  Hellion  
  160  12:39  Hellion x3  
  152  13:00  Hellion x2  
  145  13:09  Cyclone x2  
  145  13:10  Cyclone x3  
  145  13:12  Planetary Fortress  
  160  13:17  Hellion  
  156  13:20  Hellion  
  135  13:41  Cyclone x2  
  135  13:42  Cyclone x2  
  147  13:52  Widow Mine x3  
  147  13:53  Widow Mine x3  
  147  13:55  Drilling Claws  
  141  14:00  Planetary Fortress  
  141  14:02  Missile Turret  
  138  14:04  SCV x3  
  138  14:05  SCV  
  134  14:15  Missile Turret  
  133  14:25  SCV x3  
  133  14:27  Cyclone x3  
  132  14:36  Missile Turret  
  132  14:37  SCV  
  128  14:55  Hellion x3  
  128  14:56  Hellion x2  
  135  15:02  Orbital Command  
  135  15:03  SCV x2  
  135  15:04  SCV x2  
  139  15:21  Cyclone x4  
  146  15:34  Hellion  
  146  15:35  Hellion x4  
  148  15:38  Hellion  
  150  15:43  Orbital Command  
  135  15:55  Cyclone x4  
  147  15:58  Hellion  
  147  15:59  Hellion  
  149  16:25  SCV x3  
  142  16:29  Supply Depot  
  142  16:32  Refinery x3, Supply Depot  
  142  16:34  SCV  
  142  16:37  SCV  
  145  16:40  Refinery  
  145  16:46  Cyclone x3  
  152  16:51  Cyclone  
  152  16:54  Command Center  
  141  17:08  Hellion x3  
  144  17:09  Hellion x2  
  148  17:21  SCV x3  
  148  17:22  Supply Depot  
  151  17:29  Supply Depot  
  124  17:31  Hellion x2  
  124  17:32  Hellion  
  124  17:33  Refinery, Hellion  
  124  17:36  Hellion  
  122  17:39  Hellion  
  113  17:44  Hellion  
  107  18:00  SCV x3  
  107  18:01  SCV  
  106  18:16  Cyclone x2  
  106  18:17  Hellion x4  
  106  18:19  Orbital Command  
  119  18:21  SCV x3  
  120  18:31  Hellion x2  
  124  18:34  SCV x2  
  124  18:35  SCV  
  127  18:52  Cyclone x2  
  127  18:55  Hellion x3  
  124  18:57  Hellion  
  126  19:03  Cyclone  
  129  19:11  Refinery  
  129  19:21  Hellion x2, Cyclone  
  129  19:22  Hellion x5  
  126  19:27  Orbital Command  
  107  19:32  Cyclone  
  110  19:41  Cyclone  
  110  19:42  Hellion x2  
  110  19:43  Hellion x2  
  112  19:55  Orbital Command  
  102  20:08  Hellion, Cyclone x2  
  102  20:09  Hellion x4  
  102  20:10  SCV x2  
  102  20:11  Refinery x2, SCV x2  
  120  20:19  Orbital Command  
  120  20:22  SCV  
  120  20:23  SCV x2  
  120  20:24  SCV  
  120  20:26  Command Center  
  116  20:34  SCV  
  107  20:40  Cyclone  
  107  20:41  Cyclone x2  
  104  20:50  SCV x3  
  104  20:51  SCV x2  
  104  20:56  Hellion x2  
  111  21:00  Hellion  
  104  21:08  SCV x4  
  104  21:09  SCV  
Show
View Real Time Build Order
Export as new Build Order

soO Zerg 

Build Orders: Pool First, Swarm Host 

Get SALT Encoding   

  12  0:00  Drone  
  13  0:12  Overlord  
  13  0:17  Drone  
  14  0:30  Drone x2  
  14  0:34  Drone  
  17  0:43  Extractor  
  17  0:44  Drone  
  17  0:49  Spawning Pool  
  16  0:55  Drone  
  17  1:06  Drone  
  18  1:18  Hatchery  
  17  1:20  Drone  
  18  1:36  Queen, Zergling x2  
  21  1:45  Metabolic Boost  
  21  1:49  Overlord  
  21  1:54  Drone  
  22  2:08  Drone  
  23  2:11  Drone  
  23  2:12  Queen  
  26  2:30  Queen, Zergling x4  
  26  2:33  Drone  
  31  2:41  Overlord  
  31  2:45  Drone x3  
  34  2:53  Drone  
  35  3:02  Hatchery  
  35  3:03  Drone  
  35  3:17  Drone x2  
  35  3:18  Drone  
  35  3:19  Drone x3  
  40  3:20  Drone  
  40  3:28  Queen  
  40  3:29  Drone  
  40  3:31  Drone  
  43  3:37  Drone  
  44  3:42  Overlord  
  44  3:44  Roach Warren  
  43  3:49  Drone  
  43  3:52  Overlord  
  44  3:56  Extractor  
  44  3:59  Drone  
  44  4:02  Drone x2  
  46  4:03  Drone  
  46  4:04  Drone  
  46  4:09  Zergling x8  
  52  4:16  Overlord  
  52  4:24  Roach x6  
  64  4:31  Roach  
  66  4:37  Roach  
  66  4:38  Roach x2  
  72  4:42  Overlord  
  72  4:46  Overlord  
  72  4:48  Overlord  
  70  5:02  Drone x9  
  79  5:07  Ravager  
  79  5:08  Ravager x2  
  79  5:09  Drone  
  79  5:10  Drone x2  
  79  5:12  Drone  
  86  5:15  Drone  
  86  5:16  Drone  
  86  5:17  Extractor  
  87  5:33  Drone x2  
  87  5:36  Drone x2  
  87  5:37  Drone  
  87  5:38  Drone x2  
  87  5:40  Lair  
  84  5:44  Drone x6  
  84  5:48  Drone x2  
  84  5:49  Extractor  
  91  5:51  Extractor  
  82  6:02  Roach  
  82  6:03  Roach x5  
  92  6:05  Overlord  
  92  6:08  Evolution Chamber x2  
  90  6:12  Hatchery  
  89  6:19  Drone x4  
  89  6:20  Extractor  
  89  6:21  Roach x3  
  89  6:24  Drone  
  99  6:32  Drone  
  100  6:35  Zerg Missile Weapons Level 1, Zerg Ground Armor Level 1  
  100  6:41  Drone, Infestation Pit  
  100  6:43  Overlord, Drone x6  
  100  6:44  Overlord  
  100  6:46  Overseer  
  106  6:51  Overlord  
  106  6:52  Overlord  
  106  6:55  Glial Reconstitution  
  106  6:56  Overlord  
  106  6:59  Extractor  
  105  7:01  Extractor  
  105  7:02  Ravager  
  105  7:06  Drone x2  
  104  7:14  Drone  
  104  7:15  Roach x4  
  113  7:16  Roach  
  113  7:17  Overlord  
  115  7:29  Overlord  
  115  7:30  Queen  
  115  7:32  Overlord, Swarm Host  
  115  7:33  Swarm Host x6  
  138  7:37  Evolution Chamber  
  138  7:45  Swarm Host x3  
  138  7:47  Overlord x2  
  138  7:49  Swarm Host x2  
  153  7:57  Drone x2  
  153  8:02  Drone x2  
  153  8:04  Swarm Host x4  
  164  8:09  Swarm Host  
  164  8:11  Drone x2  
  164  8:24  Hatchery  
  157  8:27  Swarm Host x2  
  157  8:29  Zerg Missile Weapons Level 2  
  157  8:31  Drone x3  
  157  8:33  Overlord  
  166  8:36  Roach x3  
  166  8:38  Hive  
  168  8:52  Ravager  
  173  8:55  Roach x2  
  173  8:56  Roach x2, Zergling x4  
  173  9:00  Swarm Host  
  173  9:01  Swarm Host  
  179  9:06  Overseer  
  179  9:07  Overseer  
  179  9:15  Roach x6  
  179  9:16  Overlord  
  191  9:19  Spine Crawler  
  191  9:20  Spine Crawler  
  185  9:26  Overlord, Swarm Host  
  177  9:53  Viper x3  
  181  10:02  Drone  
  181  10:03  Drone x2  
  181  10:05  Drone x6  
  185  10:10  Drone x3  
  185  10:13  Ravager x2  
  185  10:14  Roach x2, Zergling x8  
  188  10:29  Spine Crawler  
  188  10:32  Spine Crawler  
  186  10:40  Ravager  
  186  10:41  Roach  
  186  10:42  Roach x5  
  196  11:10  Hydralisk Den  
  186  11:11  Zergling x2  
  186  11:12  Zergling x22  
  194  11:19  Overseer  
  194  11:23  Spire  
  193  11:31  Drone  
  193  11:32  Drone  
  195  11:33  Extractor  
  195  11:34  Extractor  
  185  11:41  Grooved Spines  
  178  11:48  Hydralisk x9  
  178  11:49  Roach x2, Hydralisk  
  179  12:11  Drone x4  
  183  12:19  Hydralisk x8  
  183  12:38  Overlord  
  157  13:09  Zerg Flyer Weapons Level 1  
  157  13:10  Mutalisk x7  
  157  13:11  Mutalisk x15  
  192  13:26  Hatchery  
  159  13:37  Hydralisk  
  159  13:38  Hydralisk x11  
  177  13:56  Hatchery  
  177  14:00  Drone x2  
  177  14:01  Hydralisk x3  
  176  14:09  Overlord, Drone x3  
  177  14:13  Zerg Ground Armor Level 2  
  177  14:14  Zerg Missile Weapons Level 3  
  167  14:20  Hatchery  
  167  14:21  Viper  
  167  14:22  Viper  
  167  14:23  Overlord  
  172  14:24  Hydralisk x2  
  172  14:29  Hydralisk x3  
  172  14:30  Hydralisk  
  182  14:43  Muscular Augments  
  182  14:44  Zergling x18  
  188  14:47  Overlord  
  188  14:59  Overlord  
  172  15:13  Hydralisk x3  
  172  15:14  Hydralisk x3  
  176  15:26  Overseer  
  176  15:28  Drone x3  
  178  15:33  Hydralisk x8  
  182  15:48  Viper x2  
  171  16:11  Viper x3  
  168  16:18  Hatchery x2  
  166  16:29  Drone  
  166  16:30  Drone x10  
  177  16:41  Overlord  
  167  17:11  Hydralisk x7  
  146  17:39  Hydralisk x6  
  146  17:47  Hydralisk x2  
  131  18:03  Overseer, Drone  
  131  18:04  Hydralisk x2  
  136  18:12  Hydralisk x2  
  140  18:32  Hydralisk  
  142  18:35  Hatchery  
  131  18:42  Drone x3  
  131  18:47  Drone  
  131  18:48  Drone x2  
  133  19:04  Hydralisk x2  
  133  19:05  Hydralisk x5  
  147  19:10  Hydralisk  
  133  19:30  Hydralisk x3  
  133  19:31  Hydralisk x2  
  121  19:40  Hydralisk  
  121  19:41  Hydralisk x2  
  112  20:11  Drone x3  
  115  20:24  Hydralisk x2  
  117  20:31  Hatchery  
  117  20:34  Drone x2  

Tags
 
Add a new tag
Caveats
  • Supply blocks, unpowered buildings, or Contaminate may cause inaccurate times.
  • Supply counts are checked every 10 seconds.